 Dungeon Crawl Stone Soup version 0.15.2 (webtiles) character file.

161 HAWKINGL3623 the Skirmisher (level 5, 0/43 HPs)
             Began as a Demonspawn Chaos Knight on Jan 27, 2016.
             Was a Plaything of Xom.
             Succumbed to a scorpion's poison
             ... in an ossuary.
             The game lasted 00:07:20 (1959 turns).

HAWKINGL3623 the Skirmisher (DsCK)                  Turns: 1959, Time: 00:07:20

HP   0/43        AC  8     Str 13      XL: 5   Next: 19%
MP   5/5         EV  5     Int 13 (14) God: Xom
Gold 164         SH  0     Dex 10      Spells:  0 memorised,  4 levels left

rFire  . . .     SeeInvis .     a - +1 mace (chaos)
rCold  . . .     Clarity  .     d - +0 chain mail
rNeg   . . .     rCorr    .     (no shield)
rPois  .         rRot     .     (helmet restricted)
rElec  .         Spirit   .     (no cloak)
SustAb .         Warding  .     (no gloves)
rMut   .         Stasis   .     (no boots)
Gourm  .                        (no amulet)
MR     .....                    (no ring)
                                (no ring)

@: lethally poisoned, not resistant to hostile enchantments, extremely
unstealthy
A: horns 1, clumsy 1, deterioration 1, spiny 1
a: Renounce Religion


You were in an ossuary.
You worshipped Xom.
You were a beloved toy of Xom.
You were not hungry.

You visited 1 branch of the dungeon, and saw 4 of its levels.
You also visited: Ossuary.

You collected 164 gold pieces.

Inventory:

Hand weapons
 a - a +1 mace of chaos (weapon)
Missiles
 g - 16 sling bullets of flame
Armour
 b - a +2 leather armour
 d - a +0 chain mail (worn)
Comestibles
 c - 4 bread rations
 f - 2 meat rations
Scrolls
 e - 3 scrolls of identify
 i - 5 scrolls of teleportation


   Skills:
 + Level 4.4 Fighting
 + Level 3.4 Maces & Flails
 + Level 2.7 Armour
 + Level 1.8 Dodging


You had 4 spell levels left.
You didn't know any spells.

Dungeon Overview and Level Annotations

Branches:
Dungeon (4/15)
 Temple: D:4-7

Altars:
Dithmenos
Elyvilon
Fedhas
Vehumet


Innate Abilities, Weirdness & Mutations

You have a pair of small horns on your head.
You are partially covered in sharp spines.
You are clumsy. (Dex -2)
Your body is slowly deteriorating.


Message History

The scorpion is almost dead.
* * * LOW HITPOINT WARNING * * *
You feel sick.
The scorpion is no longer paralysed.
Your crimson imp hits the scorpion zombie.
The scorpion stings you but does no damage.
The scorpion zombie barely misses your crimson imp.
Your crimson imp hits the scorpion zombie.
The scorpion stings you.
* * * LOW HITPOINT WARNING * * *
You barely miss the scorpion. You headbutt the scorpion.
You kill the scorpion!
You have reached level 5!
* * * LOW HITPOINT WARNING * * *
You feel sick.
The scorpion zombie barely misses your crimson imp.
Your crimson imp hits the scorpion zombie.
You offer a prayer to Xom.
You hear crickets chirping.
You die...
Xom giggles madly!

######### #...#...#
+...8...# #.......#
##############8...8##
#...#...#...#...Z5..#
#.∩.'...8...#...8...#
#...#.......#...#...#
##'###8...8###@######
#...#.......#...#M!.#
#.∩.#...8...'..^#!.?+
#...#...#...#^..#!!?#
#####################


You could see a mummy, a scorpion zombie and a friendly crimson imp.

Vanquished Creatures
  A scorpion (Ossuary)
  2 human zombies (Ossuary)
  Jessica (D:3)
  An adder (D:2)
  A worm (D:2)
  2 oozes
  An orc (D:3)
  2 giant cockroaches
  5 goblins
  3 hobgoblins
  A quokka (D:2)
  A ball python (D:3)
  6 bats
  3 giant newts
  A hobgoblin zombie (Ossuary)
  6 kobolds
  An orc zombie (Ossuary)
  A rat (D:1)
39 creatures vanquished.

Notes
Turn   | Place    | Note
--------------------------------------------------------------
     0 | D:1      | HAWKINGL3623, the Demonspawn Chaos Knight, began the quest for the Orb.
     0 | D:1      | Reached XP level 1. HP: 18/18 MP: 1/1
   223 | D:1      | Gained mutation: You are partially covered in sharp spines. [demonic ancestry]
   223 | D:1      | Reached XP level 2. HP: 22/24 MP: 2/2
   274 | D:1      | XOM: divination: detect creatures
   477 | D:1      | Reached skill level 1 in Dodging
   581 | D:2      | Gained mutation: You have a pair of small horns on your head. [demonic ancestry]
   581 | D:2      | Reached XP level 3. HP: 26/30 MP: 3/3
   603 | D:2      | Found a white marble altar of Elyvilon.
   613 | D:2      | XOM: silly message
  1090 | D:2      | XOM: give mutations
  1090 | D:2      | Gained mutation: You are clumsy. (Dex -2) [Xom's mischief]
  1090 | D:2      | Gained mutation: Your body is slowly deteriorating. [Xom's mischief]
  1324 | D:3      | Found a radiant altar of Vehumet.
  1448 | D:3      | Found a shadowy altar of Dithmenos.
  1488 | D:3      | Noticed Jessica
  1498 | D:3      | Killed Jessica
  1498 | D:3      | Reached skill level 4 in Fighting
  1520 | D:3      | Found a blossoming altar of Fedhas.
  1693 | D:3      | XOM: silly message
  1739 | D:3      | Reached XP level 4. HP: 37/37 MP: 4/4
  1841 | D:4      | Found a sand-covered staircase.
  1854 | Ossuary  | XOM: stealth player
  1854 | Ossuary  | Entered an ossuary
  1862 | Ossuary  | XOM: summons friendly white imp
  1867 | Ossuary  | XOM: polymorph white imp -> shadow imp
  1870 | Ossuary  | XOM: polymorph shadow imp -> quasit
  1930 | Ossuary  | XOM: polymorph quasit -> crimson imp
  1958 | Ossuary  | Reached XP level 5. HP: 3/43 MP: 5/5
  1958 | Ossuary  | HP: 1/43 [poisoned by a scorpion]
  1959 | Ossuary  | Succumbed to a scorpion's poison

Action                   |  1- 3 |  4- 6 || total
-------------------------+-------+-------++-------
Melee: Mace              |    79 |    37 ||   116
  Use: Scroll            |     6 |       ||     6
       Potion            |     4 |       ||     4
  Eat: Beef jerky        |     1 |       ||     1
       Chunk             |     1 |       ||     1
       Pizza             |       |     1 ||     1
